 Dungeon Crawl Stone Soup version 0.27-a0-59-gfbafd837a3 (webtiles) character file.

Game seed: 8665890410384446690

123 jmlagarto the Gusty (level 5, -2/35 HPs)
             Began as a Human Air Elementalist on Jan 8, 2021.
             Was an Initiate of the Shining One.
             Slain by an orc priest
             ... wielding a +0 club
              (5 damage)
             ... on level 2 of the Dungeon.
             The game lasted 00:16:11 (2423 turns).

jmlagarto the Gusty (Human Air Elementalist)        Turns: 2423, Time: 00:16:12

Health: -2/35      AC:  2    Str:  6 (8)  XL:     5   Next: 28%
Magic:  0/9        EV: 12    Int: 15 (16) God:    the Shining One [......]
Gold:   61         SH:  0    Dex: 11 (14) Spells: 7/10 levels left

rFire    . . .     SeeInvis .   (no weapon)
rCold    . . .     Faith    .   (no shield)
rNeg     . . .     Spirit   .   a - +0 robe
rPois    .         Reflect  .   (no helmet)
rElec    .         Harm     .   (no cloak)
rCorr    .         Rampage  .   (no gloves)
Will     .....                  (no boots)
Stlth    +.........             (no amulet)
HPRegen  0.11/turn              (no ring)
MPRegen  0.11/turn              (no ring)

@: glowing
A: no striking features
a: Renounce Religion


You were on level 2 of the Dungeon.
You worshipped the Shining One.
The Shining One was noncommittal.
You visited 1 branch of the dungeon, and saw 2 of its levels.

You collected 61 gold pieces.

Inventory:

Armour
 a - a +0 robe (worn)
 c - a +0 robe
Scrolls
 b - 4 scrolls of identify {unknown}
 d - a scroll of teleportation {unknown}
 e - 2 scrolls of fear {unknown}
 g - a scroll of magic mapping {unknown}
 h - a scroll of remove curse {unknown}
 i - a scroll of blinking {unknown}
Potions
 f - a potion of attraction


   Skills:
 + Level 0.1 Fighting
 + Level 2.5 Dodging
 + Level 2.3 Stealth
 + Level 0.4 Unarmed Combat
 + Level 3.0 Spellcasting
 + Level 2.2 Conjurations
 + Level 3.8 Air Magic


You had 7 spell levels left.
You knew the following spells:

 Your Spells              Type           Power        Failure   Level
a - Shock                 Conj/Air       44%          6%          1
b - Swiftness             Air            13%          6%          2

Your spell library contained the following spells:

 Spells                   Type           Power        Failure   Level
 Magic Dart               Conj           32%          9%          1
 Static Discharge         Conj/Air       11%          17%         3
 Mephitic Cloud           Conj/Pois/Air  8%           26%         3
 Blink                    Tloc           N/A          30%         2
 Call Imp                 Summ           2%           30%         2
 Slow                     Hex            2%           30%         2
 Conjure Flame            Conj/Fire      5%           36%         3
 Airstrike                Air            6%           38%         4
 Lightning Bolt           Conj/Air       5%           85%         5


Dungeon Overview and Level Annotations

Branches:
Dungeon (2/15)

Altars:
The Shining One


Message History

Aim: an orc priest, wielding a +0 club (almost dead, 32% to evade)
The zap hits the orc priest.
The orc priest is almost dead.
The orc priest hits you with a +0 club.
* * * LOW HITPOINT WARNING * * *
You feel less attractive to monsters.
Casting: Shock (safe; 6% risk of failure)
Confirm with . or Enter, or press ? or * to list all spells.
Aiming: Shock (safe; 6% risk of failure)
Press: ? - help, Shift-Dir - straight line, f/p - orc priest
Aim: an orc priest, wielding a +0 club (almost dead, 32% to evade)
The zap misses the orc priest.
The orc priest hits you with a +0 club.
* * * LOW HITPOINT WARNING * * *
Unknown command.
Casting: Shock (safe; 6% risk of failure)
Confirm with . or Enter, or press ? or * to list all spells.
You don't have enough magic to cast that spell.
There is a stone staircase leading down here.
The orc priest hits you with a +0 club.
You die...

### ### #.###.# #.# ##
#...#.#####.# .##.#.#.......#
.#.#.#.#####.# ..#.#.# #.#
#.#.#.#####.#########
##.#.#................
#######รท...@............##.#
#### #......#.#.o#####.#####.##.#
...###......#.#.........# #.##.#
##.....######.##.#####..####.##.#
#.........##.##.## #....##.##.#
##.....###(##.....#....##.##.##.#
.......# #. ####..#.#####.##.##.#
.###.#.###.## #..# #.#......
.............###[.# #.#..####


You could see an orc priest.

Vanquished Creatures
  An orc priest (D:2)
  3 adders (D:2)
  An ooze (D:1)
  A worm (D:2)
  3 leopard geckos
  4 orcs (D:2)
  3 bats
  2 giant cockroaches
  5 goblins
  8 hobgoblins
  7 jackals
  4 kobolds
  A quokka (D:2)
  A frilled lizard (D:1)
  5 rats (D:1)
49 creatures vanquished.

Notes
Turn   | Place    | Note
-------+----------+-------------------------------------------
     0 | D:1      | jmlagarto the Human Air Elementalist began the quest for
                  | the Orb.
     0 | D:1      | Reached XP level 1. HP: 13/13 MP: 3/3
   237 | D:1      | Reached XP level 2. HP: 19/19 MP: 1/5
   506 | D:1      | Reached XP level 3. HP: 24/24 MP: 1/6
  1122 | D:1      | Found a glowing golden altar of the Shining One.
  1129 | D:1      | Became a worshipper of the Shining One
  1460 | D:2      | Reached XP level 4. HP: 25/30 MP: 2/7
  1662 | D:2      | Learned a level 2 spell: Swiftness
  2380 | D:2      | Reached XP level 5. HP: 24/35 MP: 1/9
  2423 | D:2      | Slain by an orc priest

Illustrated notes

Levels and vault maps discovered:
D:1:      giann_forest_graveyard, layout_rooms, serial_corexii_hall,
          chequers_hall_statues_wall_a, corexii_hall_statues_i,
          chequers_hall_statues_corner_a, st_stairs_4, tso_altar
D:2:      cheibrodos_pilgrimage, layout_basic, marbit_many_paths, uniq_terence

Skill      XL: |  1  2  3  4  5 |
---------------+----------------+-----
Conjurations   | 2 |  2.2
Spellcasting   | 3 |  3.0
Fighting       | |  0.1
Dodging        | |  2.5
Stealth        | |  2.3
Unarmed Combat | |  0.4
Air Magic      | |  3.8

Action                   |  1- 3 |  4- 6 || total
-------------------------+-------+-------++-------
Melee: Unarmed           |     5 |    19 ||    24
 Cast: Shock             |    66 |    55 ||   121
       Swiftness         |       |     1 ||     1
  Use: Potion            |     2 |     2 ||     4
Armor: Robe              |    12 |     3 ||    15
Dodge: Dodged            |    45 |    29 ||    74

Table legend: (Time is in decaauts)
 A = Elapsed time spent in this place.
 B = Non-inter-level travel time spent in this place.
 C = Inter-level travel time spent in this place.
 D = Time resting spent in this place.
 E = Time spent auto-exploring this place.
 F = Levels seen in this place.
 G = Mean time per level.
                   A        B        C        D        E       F      G
               +--------+--------+--------+--------+--------+-----+--------+
         Total |   2420 |   2420 |      0 |      0 |   1854 |   2 | 1210.0 |
       Dungeon |   2420 |   2420 |      0 |      0 |   1854 |   2 | 1210.0 |
               +--------+--------+--------+--------+--------+-----+--------+

Top non-repeatable levels by time:
     D:1: 1367 daAuts
     D:2: 1053 daAuts
